 Dungeon Crawl Stone Soup version 0.16.2-2-g470672f (webtiles) character file.

2819 CrazyArbalest the Fighter (level 9, 0/86 HPs)
             Began as a Centaur Hunter on Aug 17, 2015.
             Was an Initiate of Gozag.
             Succumbed to an orc wizard's poison
             ... on level 6 of the Dungeon on Aug 18, 2015.
             The game lasted 01:03:57 (9098 turns).

CrazyArbalest the Fighter (Centaur Hunter)          Turns: 9098, Time: 01:03:57

Health: 0/86       AC: 10    Str: 15    XL:     9   Next: 45%
Magic:  7/7        EV: 11    Int: 10    God:    Gozag
Gold:   742        SH:  0    Dex: 13    Spells: 0 memorised, 8 levels left

rFire  . . .     SeeInvis .     U - -1 great sword of Hacking and Slashing {slice, rPois} (curse)
rCold  + + .     Clarity  .     p - +1 leather armour {rC+}
rNeg   . . .     SustAb   .     (no shield)
rPois  +         Gourm    .     F - +0 helmet
rElec  .         Spirit   .     e - +0 cloak
rCorr  .         Warding  .     w - +0 pair of gloves
rMut   .         Stasis   .     (no barding)
MR     .....                    (no amulet)
Stlth  +.........               x - ring of protection from cold
                                k - +1 ring of protection

@: lethally poisoned (0 -> -4), very quick, not resistant to hostile
enchantments, very unstealthy
A: hooves 3, deformed body, speed 2, tough skin 3
a: Potion Petition, Call Merchant, Bribe Branch, Renounce Religion


You were on level 6 of the Dungeon.
You worshipped Gozag.
Gozag was noncommittal.
You were not hungry.

You visited 2 branches of the dungeon, and saw 8 of its levels.

You collected 940 gold pieces.
You spent 60 gold pieces at shops.
You paid 138 gold pieces to Gozag.

Inventory:

Hand weapons
 a - the +5 hand axe "Eppan" {chop, Str+2}
   (You found it on level 5 of the Dungeon)

   It inflicts extra damage upon your enemies.
   It affects your strength (+2).
 b - a +1 hand crossbow
 m - a +1 dagger of flaming
 o - a +1 war axe of electrocution
 H - a +0 hunting sling
 U - the cursed -1 great sword of Hacking and Slashing (weapon) {slice, rPois}
   (You found it on level 5 of the Dungeon)

   It inflicts extra damage upon your enemies.
   It protects you from poison.
   It has a curse placed upon it.
 X - a +0 war axe of electrocution
 Y - a +0 dagger of venom
Missiles
 c - 77 bolts
 l - 23 sling bullets
 q - 6 sling bullets of flame
 Z - 18 steel sling bullets
Armour
 e - a +0 cloak (worn)
 n - a +2 chain mail of fire resistance
 p - a +1 leather armour of cold resistance (worn)
 w - a +0 pair of gloves (worn)
 F - a +0 helmet (worn)
Jewellery
 k - a +1 ring of protection (left hand)
 x - a ring of protection from cold (right hand)
Magical devices
 z - a wand of teleportation (1)
 D - a wand of slowing (23)
 E - a wand of disintegration (4)
 Q - a wand of lightning (8)
Scrolls
 d - a scroll of remove curse
 h - a scroll of fog {unknown}
 i - a scroll of enchant armour {unknown}
 j - 2 scrolls of immolation
 s - a scroll of random uselessness {unknown}
 t - 3 scrolls of identify
 K - 2 scrolls of teleportation
 O - 2 scrolls of blinking {unknown}
 P - 2 scrolls of fear {unknown}
 S - a scroll of magic mapping {unknown}
Potions
 R - a potion of poison
Comestibles
 f - 2 bread rations
 g - 6 meat rations
 r - a beef jerky


   Skills:
 + Level 10.9 Fighting
 + Level 1.8 Short Blades
 + Level 1.3 Axes
 * Level 8.9 Crossbows
 + Level 3.0 Armour
 + Level 3.7 Dodging
 + Level 1.1 Stealth


You had 8 spell levels left.
You didn't know any spells.

Dungeon Overview and Level Annotations

Branches:
Dungeon (7/15)             Temple (1/1) D:5

Altars:
Ashenzari
Cheibriados
Dithmenos
Elyvilon
Gozag
Kikubaaqudgha
Makhleb
Nemelex Xobeh
Okawaru
Qazlal
Ru
Sif Muna
Vehumet
Xom
Yredelemnul
Zin
The Shining One

Shops:
D:5 [:%   D:6 [


Innate Abilities, Weirdness & Mutations

You have hooves in place of feet.
Armour fits poorly on your strangely shaped body.
You cover ground very quickly.
You have extremely tough skin (AC +3).


Message History

You feel sick.
Read which item? (? for menu, Esc to quit)
Identify which item? (\ to view known items) (? for menu, Esc to quit)
As you read the scroll of identify, it crumbles to dust.
j - 2 scrolls of immolation
* * * LOW HITPOINT WARNING * * *
You feel sick.
Read which item? (? for menu, Esc to quit)
Okay, then.
Wield which item (- for none, * to show all)? (? for menu, Esc to quit)
It sticks to your hand!
U - the cursed -1 great sword of Hacking and Slashing (weapon)
{slice, rPois}
* * * LOW HITPOINT WARNING * * *
You feel sick.
* * * LOW HITPOINT WARNING * * *
You feel sick.
* * * LOW HITPOINT WARNING * * *
You feel sick.
You die...
Your body crumbles into a pile of gold.

.###.#######.#
#.# .###.# #>#
#.# .....# #.#
#.# .##### #.#
#.# ## ###.#
#.# # #...#
#.# # ##.###
#.# # ####.(#
#.# #
#...∩[#####@#
#.######....#
# #.# #.####
## #.# #.# .#
#<# #.#
.#####.# #.#
.##.)..# #.#
###.#### #.# #
#)###### #.#


There were no monsters in sight!

Vanquished Creatures
  Grinder (D:4)
  Eustachio (D:6)
  Edmund (D:4)
  An ice beast (D:6)
  A sky beast (D:6)
  3 ogres
  A centaur (D:6)
  Duvessa (D:4)
  3 giant frogs (D:7)
  Blork the orc (D:6)
  2 gnoll sergeants
  2 scorpions (D:4)
  An oklob sapling (D:5)
  Dowan (D:4)
  6 crimson imps
  A hound (D:5)
  An orc priest (D:5)
  A giant frog zombie (D:5)
  Crazy Yiuf (D:2)
  A centaur skeleton (D:7)
  5 orc wizards
  2 worker ants (D:4)
  2 iguanas
  Ijyb (D:4)
  Jessica (D:2)
  Terence (D:3)
  A hound skeleton (D:4)
  24 gnolls
  Robin (D:4)
  9 adders
  A giant mite (D:1)
  A river rat (D:6)
  An ufetubus (D:6)
  7 worms
  An adder zombie (D:6)
  2 oozes
  21 orcs
  A bat skeleton (D:4)
  A bat zombie (D:7)
  4 giant cockroaches
  25 goblins
  20 hobgoblins
  14 kobolds
  10 bats
  6 giant newts
  13 rats
  A fungus (D:2)
  2 plants (D:5)
209 creatures vanquished.

Notes
Turn   | Place    | Note
--------------------------------------------------------------
     0 | D:1      | CrazyArbalest, the Centaur Hunter, began the quest for the Orb.
     0 | D:1      | Reached XP level 1. HP: 17/17 MP: 1/1
   198 | D:1      | Reached XP level 2. HP: 24/24 MP: 2/2
   698 | D:1      | Reached skill level 5 in Crossbows
   698 | D:1      | Reached XP level 3. HP: 25/29 MP: 3/3
   760 | D:2      | Noticed Jessica
   777 | D:2      | Killed Jessica
   876 | D:2      | Noticed Crazy Yiuf
   891 | D:2      | Reached skill level 10 in Fighting
   891 | D:2      | Reached XP level 4. HP: 2/52 MP: 3/3
   891 | D:2      | HP: 1/52 [poisoned by Crazy Yiuf]
   900 | D:2      | Killed Crazy Yiuf
   900 | D:2      | Reached XP level 5. HP: 26/59 MP: 4/4
  1236 | D:2      | Found a snail-covered altar of Cheibriados.
  1858 | D:3      | Found a shadowy altar of Dithmenos.
  2515 | D:3      | Noticed Terence
  2536 | D:3      | Killed Terence
  2578 | D:3      | Reached XP level 6. HP: 60/67 MP: 5/5
  2597 | D:3      | Reached skill level 1 in Short Blades
  2637 | D:3      | Reached skill level 1 in Armour
  2987 | D:4      | Found a shimmering altar of Xom.
  2998 | D:4      | Found a glowing silver altar of Zin.
  2998 | D:4      | Noticed Grinder
  2999 | D:4      | Found a sparkling altar of Nemelex Xobeh.
  3167 | D:4      | Noticed Robin
  3490 | D:4      | Killed Robin
  3787 | D:4      | Noticed Duvessa
  3787 | D:4      | Noticed Dowan
  3817 | D:4      | Killed Duvessa
  3823 | D:4      | Killed Dowan
  4097 | D:4      | Noticed Edmund
  4173 | D:4      | Killed Edmund
  4173 | D:4      | Reached XP level 7. HP: 73/73 MP: 5/5
  4243 | D:4      | Killed Grinder
  4266 | D:4      | Found a stormy altar of Qazlal.
  4743 | D:4      | Found a radiant altar of Vehumet.
  4762 | D:4      | Found a burning altar of Makhleb.
  4979 | D:4      | Noticed Ijyb
  4991 | D:4      | Killed Ijyb
  5155 | D:5      | Entered Level 5 of the Dungeon
  5172 | D:5      | Found a staircase to the Ecumenical Temple.
  5473 | D:5      | Reached XP level 8. HP: 81/81 MP: 6/6
  5480 | Temple   | Entered the Ecumenical Temple
  5555 | Temple   | Became a worshipper of Gozag Ym Sagoz the Greedy
  5873 | D:5      | Found Shriggu's Armour Boutique.
  5998 | D:5      | Found Gadoip's Book Emporium.
  6145 | D:5      | Got a fine great sword
  6388 | D:5      | Got a dazzling hand axe
  6564 | D:5      | Reached skill level 1 in Stealth
  6592 | D:5      | Found Frua's Food Shop.
  7237 | D:6      | Identified the +5 hand axe "Eppan" {chop, Str+2} (You found it on level 5 of the Dungeon)
  7275 | D:6      | Noticed Blork the orc
  7354 | D:6      | Killed Blork the orc
  7502 | D:6      | Noticed Eustachio
  7521 | D:6      | Killed Eustachio
  7521 | D:6      | Reached XP level 9. HP: 37/86 MP: 7/7
  7853 | D:6      | Found Bues' Antique Armour Shoppe.
  7859 | D:6      | Bought a runed leather armour for 60 gold pieces
  7893 | D:5      | Found a deep blue altar of Sif Muna.
  7893 | D:5      | Found a snail-covered altar of Cheibriados.
  8713 | D:7      | Found a shattered altar of Ashenzari.
  8905 | D:7      | Reached skill level 1 in Axes
  9092 | D:6      | HP: 4/86 [poisoned by an orc wizard]
  9094 | D:6      | Identified the cursed -1 great sword of Hacking and Slashing {slice, rPois} (You found it on level 5 of the Dungeon)
  9097 | D:6      | HP: 1/86 [poisoned by an orc wizard]
  9098 | D:6      | Succumbed to an orc wizard's poison

Action                   |  1- 3 |  4- 6 |  7- 9 || total
-------------------------+-------+-------+-------++-------
Melee: Short sword       |    93 |       |       ||    93
       Dagger            |       |   198 |   306 ||   504
       Hand axe          |       |       |   112 ||   112
 Fire: Hand crossbow     |    21 |    33 |   136 ||   190
Evoke: Wand              |       |       |     2 ||     2
  Use: Potion            |     3 |     1 |     1 ||     5
       Scroll            |       |       |     5 ||     5
 Stab: Distracted        |       |       |     2 ||     2
  Eat: Chunk             |       |     8 |     3 ||    11
       Bread ration      |       |       |     2 ||     2
       Pizza             |       |       |     1 ||     1
       Royal jelly       |       |       |     1 ||     1
